TOP OF THE 1ST |
Milwaukee Brewers batting - Pitching for St. Louis Cardinals : RHP Geoff Mooney
|
Pitching: RHP Geoff Mooney
|
|
Batting: RHB Daniel Donovan
|
0-0: Called Strike 0-1: Ball 1-1: SINGLE (Groundball, 3D, EV 106.3 MPH)
|
Batting: RHB Adrian Rudkilde
|
0-0: Called Strike Daniel Donovan steals 2nd base (no throw) 0-1: Foul Ball, location: 2F 0-2: Ball 1-2: Foul Ball, location: 2F 1-2: Ball 2-2: Ball 3-2: SINGLE (Groundball, 56D, EV 97.5 MPH) Daniel Donovan to third Runner from 3rd tries for Home, SAFE, throw by LF to home
|
Batting: RHB Bobby Muniz
|
0-0: Called Strike Adrian Rudkilde steals 2nd base 0-1: Swinging Strike 0-2: Ball 1-2: Ball 2-2: Foul Ball, location: 2F 2-2: Strikes out swinging
|
Batting: RHB Adriaan Pieters
|
0-0: Ball 1-0: Foul Ball, location: 2F 1-1: Swinging Strike 1-2: Strikes out swinging
|
Batting: LHB Jeff Taylor
|
0-0: Ball 1-0: Called Strike 1-1: Ball 2-1: Fly out, F4 (Popup, 34, EV 75.0 MPH)
|
Top of the 1st over - 1 run, 2 hits, 0 errors, 1 left on base; Milwaukee 1 - St. Louis 0 |
BOTTOM OF THE 1ST |
St. Louis Cardinals batting - Pitching for Milwaukee Brewers : RHP Cody Autry
|
Pitching: RHP Cody Autry
|
|
Batting: RHB Nick Gentzel
|
0-0: Called Strike 0-1: Ball 1-1: Ground out 4-3 (Groundball, 4, EV 79.4 MPH)
|
Batting: LHB Zack Berney
|
0-0: Called Strike 0-1: Ground out 6-3 (Groundball, 6, EV 83.8 MPH)
|
Batting: SHB Antoine Roux
|
0-0: Ball 1-0: Called Strike 1-1: Ball 2-1: Ball 3-1: Foul Ball, location: 2F 3-2: Base on Balls
|
Batting: RHB Eric Chotkowski
|
0-0: Ball 1-0: Foul Ball, location: 2F 1-1: Ball 2-1: Called Strike 2-2: Strikes out swinging
|
Bottom of the 1st over - 0 runs, 0 hits, 0 errors, 1 left on base; Milwaukee 1 - St. Louis 0 |
TOP OF THE 2ND |
Milwaukee Brewers batting - Pitching for St. Louis Cardinals : RHP Geoff Mooney
|
Batting: SHB Jean-François Bernard
|
0-0: Called Strike 0-1: Ball 1-1: Called Strike 1-2: Ball 2-2: Foul Ball, location: 2F 2-2: DOUBLE (Line Drive, 7LM, EV 107.5 MPH)
|
Batting: RHB Emilio Gallegos
|
0-0: Called Strike 0-1: Ball 1-1: Foul Ball, location: 2F 1-2: Foul Ball, location: 2F 1-2: Foul Ball, location: 2F 1-2: SINGLE (Groundball, 56D, EV 107.5 MPH) Jean-François Bernard to third
|
Batting: RHB Yuichi Matsuoka
|
0-0: Ball 1-0: Foul Ball, location: 2F 1-1: Fly out, F8 (Flyball, 89D, EV 95.6 MPH) Runner from 3rd tags up, SCORES, throw by CF
|
Batting: RHB Kisho Ito
|
0-0: Ball Emilio Gallegos steals 2nd, throwing error, E2 Emilio Gallegos to third 1-0: Ball 2-0: Called Strike 2-1: Ground out U3 (Groundball, 3S, EV 90.0 MPH)
|
Batting: RHB Daniel Donovan
|
0-0: Foul Ball, location: 2F 0-1: DOUBLE (Flyball, 8LXD, EV 98.1 MPH) Emilio Gallegos scores
|
Batting: RHB Adrian Rudkilde
|
0-0: Ball 1-0: Called Strike 1-1: Ball 2-1: Foul Ball, location: 2F 2-2: Fly out, F7 (Flyball, 7D, EV 80.6 MPH)
|
Top of the 2nd over - 2 runs, 3 hits, 1 error, 1 left on base; Milwaukee 3 - St. Louis 0 |
BOTTOM OF THE 2ND |
St. Louis Cardinals batting - Pitching for Milwaukee Brewers : RHP Cody Autry
|
Batting: RHB Pavpv Ivanushkin
|
0-0: Called Strike 0-1: Ground out 6-3 (Groundball, 6, EV 81.9 MPH)
|
Batting: RHB Cole Bittner
|
0-0: Called Strike 0-1: Hit by Pitch
|
Batting: RHB Jason Gress
|
0-0: Foul Ball, location: 2F 0-1: Foul Ball, location: 2F 0-2: Strikes out swinging
|
Batting: RHB Rick O'Reilly
|
0-0: Ball 1-0: Called Strike 1-1: Foul Ball, location: 2F 1-2: Foul Ball, location: 2F 1-2: Foul Ball, location: 2F 1-2: SINGLE (Groundball, 34D, EV 99.4 MPH) Cole Bittner to second Runner from 2nd tries for 3rd, OUT! 9-5
|
Bottom of the 2nd over - 0 runs, 1 hit, 0 errors, 1 left on base; Milwaukee 3 - St. Louis 0 |
TOP OF THE 3RD |
Milwaukee Brewers batting - Pitching for St. Louis Cardinals : RHP Geoff Mooney
|
Batting: RHB Bobby Muniz
|
0-0: Ball 1-0: Foul Ball, location: 2F 1-1: Ball 2-1: Ball 3-1: Base on Balls
|
Batting: RHB Adriaan Pieters
|
0-0: Called Strike 0-1: Foul Ball, location: 2F 0-2: Ball 1-2: Strikes out swinging
|
Batting: LHB Jeff Taylor
|
0-0: Fly out, F8 (Flyball, 78XD, EV 94.4 MPH)
|
Batting: SHB Jean-François Bernard
|
0-0: Ground out 5-3 (Groundball, 5S, EV 82.5 MPH)
|
Top of the 3rd over - 0 runs, 0 hits, 0 errors, 1 left on base; Milwaukee 3 - St. Louis 0 |
BOTTOM OF THE 3RD |
St. Louis Cardinals batting - Pitching for Milwaukee Brewers : RHP Cody Autry
|
Batting: RHB Dustin Clark
|
0-0: Ball 1-0: Ball 2-0: Ground out 6-3 (Groundball, 56D, EV 85.6 MPH)
|
Batting: RHB Nick Gentzel
|
0-0: Ball 1-0: SINGLE (Groundball, 56D, EV 108.1 MPH)
|
Batting: LHB Zack Berney
|
0-0: Ball 1-0: Ball 2-0: Grounds into double play, 3-6-3 (Groundball, 34S, EV 82.5 MPH)
|
Bottom of the 3rd over - 0 runs, 1 hit, 0 errors, 0 left on base; Milwaukee 3 - St. Louis 0 |
TOP OF THE 4TH |
Milwaukee Brewers batting - Pitching for St. Louis Cardinals : RHP Geoff Mooney
|
Batting: RHB Emilio Gallegos
|
0-0: SINGLE (Line Drive, 78S, EV 92.5 MPH)
|
Batting: RHB Yuichi Matsuoka
|
0-0: Called Strike 0-1: Ball 1-1: Sac Bunt to 15 - play at first, batter OUT! 1-3 Emilio Gallegos to second
|
Batting: RHB Kisho Ito
|
0-0: SINGLE (Groundball, 6MD, EV 109.4 MPH) Emilio Gallegos to third Runner from 3rd tries for Home, SAFE, throw by CF to home
|
Batting: RHB Daniel Donovan
|
0-0: Ball 1-0: Ball 2-0: Foul Ball, location: 2F 2-1: Grounds into double play, 5-4-3 (Groundball, 56, EV 101.9 MPH)
|
Top of the 4th over - 1 run, 2 hits, 0 errors, 0 left on base; Milwaukee 4 - St. Louis 0 |
BOTTOM OF THE 4TH |
St. Louis Cardinals batting - Pitching for Milwaukee Brewers : RHP Cody Autry
|
Batting: SHB Antoine Roux
|
0-0: Ball 1-0: Fly out, F7 (Flyball, 78D, EV 94.4 MPH)
|
Batting: RHB Eric Chotkowski
|
0-0: Called Strike 0-1: Ball 1-1: Foul Ball, location: 2F 1-2: Ball 2-2: Strikes out looking
|
Batting: RHB Pavpv Ivanushkin
|
0-0: Ball 1-0: Foul Ball, location: 2F 1-1: SINGLE (Groundball, 56D, EV 109.4 MPH)
|
Batting: RHB Cole Bittner
|
0-0: Ball Pavpv Ivanushkin is caught stealing 2nd base 2-4
|
Bottom of the 4th over - 0 runs, 1 hit, 0 errors, 0 left on base; Milwaukee 4 - St. Louis 0 |
TOP OF THE 5TH |
Milwaukee Brewers batting - Pitching for St. Louis Cardinals : RHP Geoff Mooney
|
Batting: RHB Adrian Rudkilde
|
0-0: Swinging Strike 0-1: Ball 1-1: Fly out, F8 (Flyball, 8RXD, EV 89.4 MPH)
|
Batting: RHB Bobby Muniz
|
0-0: Ball 1-0: Ball 2-0: SINGLE (Flyball, 78S, EV 88.1 MPH)
|
Batting: RHB Adriaan Pieters
|
0-0: Ball 1-0: Swinging Strike 1-1: Swinging Strike 1-2: Foul Ball, location: 2F 1-2: Strikes out swinging
|
Batting: LHB Jeff Taylor
|
0-0: Fly out, F9 (Line Drive, 9D, EV 90.6 MPH)
|
Top of the 5th over - 0 runs, 1 hit, 0 errors, 1 left on base; Milwaukee 4 - St. Louis 0 |
BOTTOM OF THE 5TH |
St. Louis Cardinals batting - Pitching for Milwaukee Brewers : RHP Cody Autry
|
Batting: RHB Cole Bittner
|
0-0: Foul Ball, location: 2F 0-1: Foul Ball, location: 2F 0-2: SINGLE (Line Drive, 7S, EV 90.6 MPH)
|
Batting: RHB Jason Gress
|
0-0: SINGLE (Line Drive, 6MD, EV 94.4 MPH) Cole Bittner to second Runner from 2nd tries for 3rd, SAFE, no throw by CF
|
Batting: RHB Rick O'Reilly
|
0-0: Ball 1-0: Foul Ball, location: 2F 1-1: Ball 2-1: SINGLE (Line Drive, 7S, EV 105.0 MPH) Cole Bittner scores Jason Gress to second
|
Batting: RHB Dustin Clark
|
0-0: Swinging Strike 0-1: Called Strike 0-2: Ball 1-2: Fly out, F4 (Popup, 4S, EV 80.6 MPH)
|
Batting: RHB Nick Gentzel
|
0-0: Ball 1-0: Ball 2-0: Foul Ball, location: 2F 2-1: Foul Ball, location: 2F 2-2: Fly out, F7 (Flyball, 78M, EV 87.5 MPH)
|
Batting: LHB Zack Berney
|
0-0: Ground out U3 (Groundball, 34S, EV 78.8 MPH)
|
Bottom of the 5th over - 1 run, 3 hits, 0 errors, 2 left on base; Milwaukee 4 - St. Louis 1 |
TOP OF THE 6TH |
Milwaukee Brewers batting - Pitching for St. Louis Cardinals : RHP Geoff Mooney
|
Batting: SHB Jean-François Bernard
|
0-0: Ball 1-0: Foul Ball, location: 2F 1-1: Ball 2-1: Fly out, F2 (Popup, 23F, EV 73.8 MPH)
|
Pitching: RHP Doug Nickey
|
|
Batting: RHB Emilio Gallegos
|
0-0: Foul Ball, location: 2F 0-1: Ball 1-1: Foul Ball, location: 2F 1-2: Strikes out swinging
|
Batting: RHB Yuichi Matsuoka
|
0-0: Foul Ball, location: 2F 0-1: Swinging Strike 0-2: Ground out 6-3 (Groundball, 6, EV 88.8 MPH)
|
Top of the 6th over - 0 runs, 0 hits, 0 errors, 0 left on base; Milwaukee 4 - St. Louis 1 |
BOTTOM OF THE 6TH |
St. Louis Cardinals batting - Pitching for Milwaukee Brewers : RHP Cody Autry
|
Batting: SHB Antoine Roux
|
0-0: Fly out, F7 (Flyball, 7D, EV 99.4 MPH)
|
Batting: RHB Eric Chotkowski
|
0-0: Ground out 6-3 (Groundball, 6, EV 81.3 MPH)
|
Batting: RHB Pavpv Ivanushkin
|
0-0: Ball 1-0: Ball 2-0: Ball 3-0: Base on Balls
|
Batting: RHB Cole Bittner
|
0-0: Ball 1-0: Swinging Strike 1-1: Ball 2-1: Swinging Strike 2-2: Foul Ball, location: 2F 2-2: Foul Ball, location: 2F 2-2: Strikes out swinging, 2-3 out at first.
|
Bottom of the 6th over - 0 runs, 0 hits, 0 errors, 1 left on base; Milwaukee 4 - St. Louis 1 |
TOP OF THE 7TH |
Milwaukee Brewers batting - Pitching for St. Louis Cardinals : RHP Doug Nickey
|
Batting: RHB Kisho Ito
|
0-0: Ball 1-0: Called Strike 1-1: Called Strike 1-2: Foul Ball, location: 2F 1-2: Ball 2-2: SINGLE (Line Drive, 7LS, EV 109.4 MPH)
|
Batting: RHB Daniel Donovan
|
0-0: Swinging Strike 0-1: Called Strike 0-2: Ball 1-2: Grounds into double play, 1-6-3 (Groundball, 13, EV 63.1 MPH)
|
Batting: RHB Adrian Rudkilde
|
0-0: Ball 1-0: Ball 2-0: Called Strike 2-1: SINGLE (Line Drive, 78M, EV 104.4 MPH)
|
Batting: RHB Bobby Muniz
|
0-0: Ball 1-0: Called Strike 1-1: Fly out, F8 (Flyball, 8LM, EV 75.0 MPH)
|
Top of the 7th over - 0 runs, 2 hits, 0 errors, 1 left on base; Milwaukee 4 - St. Louis 1 |
BOTTOM OF THE 7TH |
St. Louis Cardinals batting - Pitching for Milwaukee Brewers : RHP Cody Autry
|
Pitching: RHP Jose Avila
|
|
Batting: RHB Jason Gress
|
0-0: Called Strike 0-1: Fly out, F8 (Line Drive, 8LD, EV 106.9 MPH)
|
Batting: RHB Rick O'Reilly
|
0-0: Called Strike 0-1: Ball 1-1: Ball 2-1: Foul Ball, location: 2F 2-2: SINGLE (Line Drive, 5D, EV 95.6 MPH)
|
Batting: RHB Dustin Clark
|
0-0: Ball 1-0: DOUBLE (Flyball, 89D, EV 107.5 MPH) Rick O'Reilly to third Runner from 3rd tries for Home, SAFE, no throw by CF
|
Batting: RHB Nick Gentzel
|
0-0: Ball 1-0: Called Strike 1-1: Foul Ball, location: 2F 1-2: Fly out, F6 (Flyball, 6D, EV 85.0 MPH)
|
Batting: LHB Zack Berney
|
0-0: Ball 1-0: Swinging Strike 1-1: Swinging Strike 1-2: Ground out 3-1 (Groundball, 13, EV 86.3 MPH)
|
Bottom of the 7th over - 1 run, 2 hits, 0 errors, 1 left on base; Milwaukee 4 - St. Louis 2 |
TOP OF THE 8TH |
Milwaukee Brewers batting - Pitching for St. Louis Cardinals : RHP Doug Nickey
|
Batting: RHB Adriaan Pieters
|
0-0: Foul Ball, location: 2F 0-1: Foul Ball, location: 2F 0-2: Fly out, F7 (Line Drive, 7, EV 90.6 MPH)
|
Batting: LHB Jeff Taylor
|
0-0: Swinging Strike 0-1: Foul Ball, location: 2F 0-2: Foul Ball, location: 2F 0-2: Foul Ball, location: 2F 0-2: Ball 1-2: Foul Ball, location: 2F 1-2: Strikes out swinging
|
Batting: SHB Jean-François Bernard
|
0-0: Called Strike 0-1: Ball 1-1: Ball 2-1: Foul Ball, location: 2F 2-2: Ball 3-2: Foul Ball, location: 2F 3-2: Foul Ball, location: 2F 3-2: Foul Ball, location: 2F 3-2: Strikes out swinging
|
Top of the 8th over - 0 runs, 0 hits, 0 errors, 0 left on base; Milwaukee 4 - St. Louis 2 |
BOTTOM OF THE 8TH |
St. Louis Cardinals batting - Pitching for Milwaukee Brewers : RHP Jose Avila
|
Batting: SHB Antoine Roux
|
0-0: Swinging Strike 0-1: Foul Ball, location: 2F 0-2: Fly out, F7 (Flyball, 7S, EV 72.5 MPH)
|
Batting: RHB Eric Chotkowski
|
0-0: Ball 1-0: Ball 2-0: Swinging Strike 2-1: Called Strike 2-2: Foul Ball, location: 2F 2-2: Ball 3-2: Ground out 6-3 (Groundball, 6, EV 81.3 MPH)
|
Batting: RHB Pavpv Ivanushkin
|
0-0: Ground out 5-3 (Groundball, 5, EV 105.6 MPH)
|
Bottom of the 8th over - 0 runs, 0 hits, 0 errors, 0 left on base; Milwaukee 4 - St. Louis 2 |
TOP OF THE 9TH |
Milwaukee Brewers batting - Pitching for St. Louis Cardinals : RHP Doug Nickey
|
Pitching: RHP Josh Sabatino
|
|
Batting: RHB Emilio Gallegos
|
0-0: Ground out 6-3 (Groundball, 6, EV 87.5 MPH)
|
Batting: RHB Yuichi Matsuoka
|
0-0: Ball 1-0: Ball 2-0: Called Strike 2-1: Foul Ball, location: 2F 2-2: Strikes out swinging
|
Batting: RHB Kisho Ito
|
0-0: Called Strike 0-1: Fly out, F7 (Flyball, 78S, EV 91.9 MPH)
|
Top of the 9th over - 0 runs, 0 hits, 0 errors, 0 left on base; Milwaukee 4 - St. Louis 2 |
BOTTOM OF THE 9TH |
St. Louis Cardinals batting - Pitching for Milwaukee Brewers : RHP Jose Avila
|
Pitching: RHP Max Blankenship
|
|
Batting: RHB Cole Bittner
|
0-0: Ball 1-0: Ball 2-0: Foul Ball, location: 2F 2-1: Ground out 4-3 (Groundball, 4, EV 92.5 MPH)
|
Batting: RHB Jason Gress
|
0-0: Ball 1-0: Ball 2-0: Ball 3-0: Base on Balls
|
Batting: RHB Rick O'Reilly
|
0-0: Ball 1-0: Called Strike 1-1: Fly out, F9 (Flyball, 9LM, EV 83.8 MPH)
|
Pinch Hitting: LHB Ben Rubenacker
|
0-0: Ball 1-0: Ball 2-0: Ball 3-0: Called Strike 3-1: Called Strike 3-2: Base on Balls Jason Gress to second
|
Batting: RHB Nick Gentzel
|
0-0: Ground out 5-3 (Groundball, 56S, EV 86.9 MPH)
|
Bottom of the 9th over - 0 runs, 0 hits, 0 errors, 2 left on base; Milwaukee 4 - St. Louis 2 |
|